 Dungeon Crawl Stone Soup version 0.20-a0-338-g717130a (webtiles) character file.

79 AlphabetPasta the Grave Robber (level 4, -1/42 HPs)
             Began as an Ogre Necromancer on Dec 21, 2016.
             Slain by a river rat (4 damage)
             ... on level 3 of the Dungeon.
             The game lasted 00:09:37 (2237 turns).

AlphabetPasta the Grave Robber (Ogre Necromancer)   Turns: 2237, Time: 00:09:38

Health: -1/42      AC:  3    Str: 12    XL:     4   Next: 38%
Magic:  3/9        EV: 10    Int: 17    God:
Gold:   43         SH:  0    Dex:  9    Spells: 3/10 levels left

rFire  . . .     SeeInvis .     q - +1 trident
rCold  . . .     Gourm    .     a - +0 robe
rNeg   . . .     Faith    .     (no shield)
rPois  .         Spirit   .     (helmet restricted)
rElec  .         Reflect  .     (no cloak)
rCorr  .         Harm     .     (gloves unavailable)
MR     .....                    (boots unavailable)
Stlth  +.........               (no amulet)
                                (no ring)
                                (no ring)

@: very slightly contaminated
A: unfitting armour, tough skin 1
a: no special abilities


You were on level 3 of the Dungeon.
You were not hungry.

You visited 1 branch of the dungeon, and saw 3 of its levels.

You collected 43 gold pieces.

Inventory:

Hand Weapons
 q - a +1 trident (weapon)
Missiles
 e - 8 curare-tipped needles
Armour
 a - a +0 robe (worn)
Jewellery
 r - a cursed -5 ring of dexterity {unknown}
Potions
 g - a potion of berserk rage {unknown}
 i - a potion of cancellation {unknown}
 j - a potion of cure mutation {unknown}
 l - a potion of curing {unknown}
Books
 b - a book of Necromancy

   Spells                             Type                      Level
   a - Pain                           Necromancy                   1
   b - Animate Skeleton               Necromancy                   1
   c - Vampiric Draining              Necromancy                   3
   d - Regeneration                   Charms/Necromancy            3
   e - Animate Dead                   Necromancy                   4
   f - Control Undead                 Necromancy                   4
Comestibles
 c - a bread ration
 d - 2 beef jerkies
 f - 8 fruits
 h - a chunk of flesh
 m - a meat ration
 o - a royal jelly


   Skills:
 + Level 2.0 Fighting
 * Level 0.6 Polearms
 - Level 1.7 Dodging
 - Level 1.4 Stealth
 + Level 3.5 Spellcasting
 * Level 4.3 Necromancy


You had 3 spell levels left.
You knew the following spells:

 Your Spells              Type           Power        Failure   Level  Hunger
a - Pain                  Necr           ###.         2%          1    None
b - Vampiric Draining     Necr           ###.......   10%         3    ###....
c - Regeneration          Chrm/Necr      ##........   21%         3    ###....


Dungeon Overview and Level Annotations

Branches:
Dungeon (3/15)

Altars:
Ashenzari
Okawaru

Portals:
Sewer: D:3


Innate Abilities, Weirdness & Mutations

You are too large for most types of armour.
You have tough skin. (AC +1)


Message History

Okay, then.
Casting: Pain
Confirm with . or Enter, or press ? or * to list all spells.
Aiming: Vampiric Draining
Press: ? - help, Shift-Dir - straight line, f - river rat
Aim: a river rat The river rat is moderately wounded.
You feel life coursing into your body. The river rat closely misses you.
Casting: Vampiric Draining
Confirm with . or Enter, or press ? or * to list all spells.
Aiming: Vampiric Draining
Press: ? - help, Shift-Dir - straight line, f/p - river rat
Aim: a river rat (moderately wounded)
You miscast Vampiric Draining.
Strange energies run through your body. The river rat bites you!
* * * LOW HITPOINT WARNING * * *
You hit the river rat.
The river rat is heavily wounded.
The river rat bites you.
You die...

#......# #.<....#
#......#
###......#
#........###
###.#.)......#
#...#......#.#
#######l###......#
#
#...@rhhr.#>.....#
#.)#####r.########
#..#≈≈r†#..#
(...#≈≈≈r (h?.#
..### #≈∩≈≈
....>.. . #≈≈≈≈
..l.h.. #≈≈≈≈
...<... #####
.....h. .......


You could see a river rat, 2 jackals, a frilled lizard and 2 rats.

Vanquished Creatures
  2 adders (D:2)
  A river rat (D:3)
  An ooze (D:1)
  2 worms (D:2)
  A dart slug (D:1)
  A leopard gecko (D:1)
  A giant cockroach (D:2)
  6 goblins
  4 hobgoblins
  5 jackals
  2 ball pythons
  2 bats
  A frilled lizard (D:1)
  5 kobolds
  5 rats
39 creatures vanquished.

Notes
Turn   | Place    | Note
-------+----------+-------------------------------------------
     0 | D:1      | AlphabetPasta the Ogre Necromancer began the quest for the Orb.
     0 | D:1      | Reached XP level 1. HP: 16/16 MP: 3/3
   348 | D:1      | Reached XP level 2. HP: 25/26 MP: 3/5
   517 | D:1      | Reached skill level 1 in Fighting
   935 | D:1      | Reached skill level 4 in Necromancy
  1111 | D:1      | Reached XP level 3. HP: 29/33 MP: 4/7
  1195 | D:1      | Learned a level 3 spell: Vampiric Draining
  1199 | D:1      | Learned a level 3 spell: Regeneration
  1674 | D:2      | Found a shattered altar of Ashenzari.
  1892 | D:2      | Found an iron altar of Okawaru.
  1957 | D:2      | Reached XP level 4. HP: 33/42 MP: 3/9
  2205 | D:3      | Found a glowing drain.
  2237 | D:3      | Slain by a river rat

Vault maps used:
D:1:      elethiomel_arrival_maze, serial_park_tiny_2
D:2:      evilmike_ruin_ashenzari, okawaru_trees_1, minmay_pentomino_u4
D:3:      chequers_temple_overflow_statue_of_worship, portal_sewer_entry_c,
          minmay_vboxes, uniq_sigmund, uniq_grinder

Skill      XL: |  1  2  3  4 |
---------------+-------------+-----
Fighting       | 1 2 |  2.0
Spellcasting   | 3 |  3.5
Necromancy     | 4 |  4.3
Polearms       | |  0.6
Dodging        | |  1.7
Stealth        | |  1.4

Action                   |  1- 3 |  4- 6 || total
-------------------------+-------+-------++-------
Melee: Unarmed           |    30 |       ||    30
       Trident           |     4 |    25 ||    29
 Cast: Pain              |    70 |     9 ||    79
       Vampiric Draining |       |     1 ||     1
  Use: Scroll            |       |     4 ||     4
 Stab: Sleeping          |     1 |       ||     1
  Eat: Chunk             |     3 |     1 ||     4
Armor: Robe              |    10 |     8 ||    18
Dodge: Dodged            |    31 |    16 ||    47
